 Dungeon Crawl Stone Soup version 0.31.0-32-g396128a36d (webtiles) character file.

Game seed: 9081357045528945623

7596 Alphaeus the Mimic (level 10, -5/102 HPs)
             Began as a Troll Shapeshifter on Mar 19, 2024.
             Was a Priest of Qazlal.
             Slain by a death yak (12 damage)
             ... on level 10 of the Dungeon.
             The game lasted 00:11:28 (6647 turns).

Alphaeus the Mimic (Troll Shapeshifter)             Turns: 6647, Time: 00:11:29

Health: -5/102     AC:  5    Str: 33 (34) XL:     10   Next: 97%
Magic:  9/9        EV:  9    Int:  5 (6)  God:    Qazlal [***...]
Gold:   361        SH: 13    Dex:  8 (9)  Spells: 9/9 levels left

rFire   . .          .
                       - Unarmed
rCold   . . .        (no shield)
rNeg    . . .        z - +0 swamp dragon scales
rPois   +            (helmet currently unavailable)
rElec   .            (cloak currently unavailable)
rCorr   .            (gloves unavailable)
SInv    .            (boots unavailable)
Will    .....        o - amulet of reflection Stlth
                     w - +6 ring of strength
HPRegen 1.17/turn    (no ring)
MPRegen 0.11/turn

%: reflection
@: beast-form
A: beast (slay +4), large, unfitting armour, claws 3, regeneration 1, shaggy fur
1, tough skin 1, large bone plates 1, deformed body, teleportitis 1, wild magic
1, persistent drain
a: Begin Untransformation, Renounce Religion, Upheaval, Elemental Force


You were on level 10 of the Dungeon.
You worshipped Qazlal.
Qazlal was most pleased with you.
You were a hulking beast.
You visited 2 branches of the dungeon, and saw 11 of its levels.

You collected 521 gold pieces.
You spent 160 gold pieces at shops.

Inventory:

Armour
 a - a +0 animal skin
 z - +0 swamp dragon scales (worn)
Jewellery
 f - an amulet of the acrobat
 o - an amulet of reflection (around neck)
 t - a ring of wizardry
 w - a +6 ring of strength (left claw)
Talismans
 c - a beast talisman
 d - a flux talisman
 x - a storm talisman
Wands
 m - a wand of acid (5)
 v - a wand of charming (14)
 y - a wand of roots (19)
Scrolls
 e - 2 scrolls of enchant weapon {unknown}
 g - 2 scrolls of revelation
 h - a scroll of fear
 i - 4 scrolls of amnesia
 j - a scroll of torment
 p - 2 scrolls of noise
 q - 3 scrolls of teleportation
 r - 3 scrolls of blinking {unknown}
 A - 2 scrolls of identify
 B - a scroll of enchant armour {unknown}
Potions
 b - 2 potions of lignification
 k - 2 potions of brilliance
 l - 5 potions of enlightenment
 n - a potion of curing
 s - a potion of berserk rage
 u - a potion of attraction
 C - a potion of degeneration
 D - a potion of magic {unknown}
 E - 3 potions of heal wounds {unknown}
 G - a potion of haste {unknown}
 H - a potion of ambrosia {unknown}
Miscellaneous
 F - a phantom mirror


   Skills:
 + Level 7.5 Fighting
 - Level 1.5 Dodging
 - Level 7.6 Unarmed Combat
 * Level 11.9 Shapeshifting


You had 9 spell levels left.
You didn't know any spells.
Your spell library contained the following spells:

 Spells                   Type           Power      Damage    Failure   Level
 Apportation              Tloc           0%         N/A       67%         1
 Shock                    Conj/Air       0%         1d3       67%         1
 Blink                    Tloc           0%         N/A       82%         2
 Jinxbite                 Hex            0%         N/A       82%         2
 Lesser Beckoning         Tloc           0%         N/A       82%         2
 Mercury Vapours          Alch/Air       0%         N/A       82%         2
 Momentum Strike          Conj/Tloc      0%         3d8       82%         2
 Scorch                   Fire           0%         2d5       82%         2
 Mephitic Cloud           Conj/Alch/Air  0%         N/A       95%         3
 Stone Arrow              Conj/Erth      0%         3d7       95%         3
 Swiftness                Air            0%         N/A       95%         3
 Airstrike                Air            0%         2d(0-16)  100%        4
 Animate Armour           Summ/Erth      0%         N/A       100%        4
 Flame Wave               Conj/Fire      0%         2d4       100%        4
 Olgreb's Toxic Radiance  Alch           0%         N/A       100%        4
 Alistair's Intoxication  Alch           0%         N/A       100%        5
 Freezing Cloud           Conj/Ice/Air   0%         6-21      100%        5
 Summon Cactus Giant      Summ           0%         N/A       100%        6
 Ozocubu's Refrigeration  Ice            0%         4d7       100%        7
 Discord                  Hex            0%         N/A       100%        8
 Lehudib's Crystal Spear  Conj/Erth      0%         10d2      100%        8


Dungeon Overview and Level Annotations

Branches:
Dungeon (10/15)            Temple (1/1) D:4            Lair (0/5) D:10
    Orc: D:9-12

Altars:
Ashenzari
Cheibriados
Dithmenos
Elyvilon
Fedhas
Gozag
Hepliaklqana
Kikubaaqudgha
Makhleb
Nemelex Xobeh
Okawaru
Qazlal
Ru
Sif Muna
Trog
Uskayaw
Vehumet
Wu Jian
Xom
Yredelemnul
Zin
The Shining One

Shops:
D:1 ?   D:6 ((?   D:7 *   D:8 !   D:9 [

Annotations:
D:7 2 transporters
D:8 2 transporters, Logoto's ghost, novice HOFi
Temple 2 transporters


Innate Abilities, Weirdness & Mutations

You are a hulking beast.
Your limbs bulge with bestial killing power. (Slay +4)
You are too large for most types of armour.
You have claws for hands.
Your natural rate of healing is unusually fast.
You are covered in fur. (AC +1)
You have tough skin. (AC +1)
You are partially covered in large bone plates. (SH +4)
Armour fits poorly on your strangely shaped body.
You are occasionally teleported next to monsters.
Your spells are a little harder to cast, but a little more powerful.
Your health recovers twice as slowly from being drained.


Message History

Found a staircase to the Lair.
The death yak gores you! The river rat bites you.
The death yak gores you but does no damage.
You see here a death yak corpse.
You claw the death yak!
The death yak is lightly wounded.
The river rat bites you. You block the death yak's attack.
The death yak gores you!
You claw the death yak! x2
The death yak is heavily wounded.
You block the death yak's attack. The river rat closely misses you.
The death yak gores you!!
You are too injured to fight recklessly!
You are too injured to fight recklessly!
You are too injured to fight recklessly!
You are too injured to fight recklessly!
You are too injured to fight recklessly!
You are too injured to fight recklessly!
You are too injured to fight recklessly!
You are too injured to fight recklessly!
You are too injured to fight recklessly!
You are too injured to fight recklessly!
You are too injured to fight recklessly!
You are too injured to fight recklessly!
You are too injured to fight recklessly!
You are too injured to fight recklessly!
You are too injured to fight recklessly!
The death yak attacks as it pursues you!
The death yak gores you!!
* * * LOW HITPOINT WARNING * * *
You see here a hell rat corpse.
There is an open door, spattered with blood here.
You scratch the death yak but do no damage.
The death yak gores you!
* * * LOW HITPOINT WARNING * * *
It was a potion of degeneration.
There was something very wrong with that liquid.
You feel weakened.
You feel dopey.
You feel clumsy. The death yak gores you!
You die...

##.# #.# ##'#######
.### #........#
....## #........#
......# #........#
....... #........#
..#....###........#
>.....YrYh........#
...(...)##○.......#
.......###........#
....... #........#
......# #........#
...### #.......<#
### ##########


You could see 2 death yaks and a river rat.

Vanquished Creatures
  A death yak (D:10)
  Pikel (D:7)
  Maggie (D:6)
  Psyche (D:10)
  A troll (D:9)
  2 hornets
  Grinder (D:4)
  2 vampires
  Sigmund (D:2)
  A shadow (D:9)
  A steam dragon (D:8)
  4 vampire mosquitoes (D:7)
  Duvessa (D:4)
  A water moccasin (D:7)
  An orc warrior (D:9)
  4 ice beasts
  A sky beast (D:7)
  An ogre (D:7)
  2 centaurs
  2 lemures (D:7)
  A phantom (D:6)
  A kobold brigand (D:9)
  2 bullfrogs
  3 scorpions
  A gnoll sergeant (D:6)
  11 wights
  Dowan (D:4)
  11 killer bees (D:9)
  4 howler monkeys
  3 bombardier beetles
  3 hounds
  7 orc priests
  Crazy Yiuf (D:7)
  2 sleepcaps
  Natasha (thrice) (D:2)
  A gnoll bouda (D:5)
  2 iguanas
  10 orc wizards
  A hell rat (D:10)
  16 gnolls
  6 adders
  A shadow imp (D:6)
  A white imp (D:5)
  6 dart slugs
  4 ribbon worms
  22 orcs
  4 bats
  11 endoplasms
  3 giant cockroaches
  3 goblins
  12 hobgoblins
  2 jackals (D:3)
  6 quokkas
  9 ball pythons
  3 frilled lizards
  6 kobolds
  4 rats
217 creatures vanquished.

Vanquished Creatures (others)
  A quokka (D:4)
1 creature vanquished.

Grand Total: 218 creatures vanquished

Notes
Turn   | Place    | Note
-------+----------+-------------------------------------------
     0 | D:1      | Alphaeus the Troll Shapeshifter began the quest for the
                  | Orb.
     0 | D:1      | Reached XP level 1. HP: 18/18 MP: 0/0
   138 | D:1      | Reached skill level 1 in Fighting
   141 | D:1      | Reached XP level 2. HP: 27/27 MP: 1/1
   176 | D:1      | Found Ovam's Magic Scroll Shop.
   332 | D:1      | Reached XP level 3. HP: 31/33 MP: 2/2
   471 | D:2      | Noticed Sigmund
   518 | D:2      | Killed Sigmund
   519 | D:2      | Reached skill level 4 in Shapeshifting
   519 | D:2      | Reached XP level 4. HP: 42/42 MP: 3/3
   519 | D:2      | Reached XP level 5. HP: 49/49 MP: 4/4
   528 | D:2      | Noticed Natasha
   535 | D:2      | Killed Natasha
   626 | D:2      | Found a faded altar of an unknown god.
   774 | D:2      | Found a sacrificial altar of Ru.
   933 | D:2      | Noticed Natasha
   938 | D:2      | Killed Natasha
   939 | D:2      | Reached XP level 6. HP: 56/57 MP: 5/5
   962 | D:2      | Noticed Natasha
   967 | D:2      | Killed Natasha
  1435 | D:3      | Reached skill level 5 in Unarmed Combat
  1543 | D:3      | Identified the +0 ring mail of the Fiend {rElec rCorr Str+4
                  | Int-2}
  1713 | D:4      | Noticed Duvessa
  1713 | D:4      | Noticed Dowan
  1718 | D:4      | Killed Duvessa
  1719 | D:4      | Reached skill level 5 in Shapeshifting
  1729 | D:4      | Killed Dowan
  1808 | D:4      | Found a staircase to the Ecumenical Temple.
  1821 | Temple   | Found a transporter.
  1821 | Temple   | Found a transporter.
  1821 | Temple   | Found a transporter.
  1821 | Temple   | Found a transporter.
  1821 | Temple   | Entered the Ecumenical Temple
  1838 | Temple   | Became a worshipper of Qazlal Stormbringer
  1864 | D:4      | Reached XP level 7. HP: 51/66 MP: 6/6
  2009 | D:4      | Noticed Grinder
  2015 | D:4      | Killed Grinder
  2287 | D:5      | Entered Level 5 of the Dungeon
  2346 | D:5      | Reached skill level 6 in Shapeshifting
  2455 | D:5      | Reached XP level 8. HP: 56/75 MP: 7/7
  2465 | D:5      | Reached * piety under Qazlal
  2941 | D:5      | Reached skill level 7 in Shapeshifting
  3005 | D:6      | Found Cadu's Magic Scroll Emporium.
  3044 | D:6      | Noticed Maggie
  3054 | D:6      | Killed Maggie
  3055 | D:6      | Reached XP level 9. HP: 85/85 MP: 8/8
  3066 | D:6      | Found Dyheir Ypiba's Weapon Shoppe.
  3146 | D:6      | Reached skill level 8 in Shapeshifting
  3214 | D:6      | Reached ** piety under Qazlal
  3332 | D:6      | Bought a scroll of identify for 28 gold pieces
  3342 | D:6      | Bought a scroll of identify for 28 gold pieces
  3491 | D:6      | Reached skill level 5 in Fighting
  3558 | D:6      | Found Uhimairo's Antique Weapon Boutique.
  3977 | D:7      | Found a transporter.
  3989 | D:7      | Found a transporter.
  4021 | D:7      | Reached skill level 9 in Shapeshifting
  4077 | D:7      | Noticed a kobold demonologist
  4080 | D:7      | Noticed a kobold demonologist
  4219 | D:7      | Found a runed translucent door.
  4220 | D:7      | Noticed Crazy Yiuf
  4270 | D:7      | Found Japa's Lightly-Used Armoury.
  4432 | D:7      | Noticed Pikel
  4443 | D:7      | Killed Pikel
  4444 | D:7      | Reached skill level 10 in Shapeshifting
  4444 | D:7      | Reached XP level 10. HP: 74/98 MP: 9/9
  4445 | D:7      | Reached *** piety under Qazlal
  4839 | D:7      | Killed Crazy Yiuf
  5126 | D:8      | Found a transporter.
  5129 | D:8      | Noticed Logoto's ghost (novice HOFi)
  5130 | D:8      | Found a transporter.
  5182 | D:8      | Found Leono's Distillery.
  5335 | D:8      | Gained mutation: You expend magic power (3 MP) to
                  | strengthen your wands. [potion of mutation]
  5335 | D:8      | Lost mutation: You expend magic power (3 MP) to strengthen
                  | your wands. [potion of mutation]
  5335 | D:8      | Gained mutation: You are partially covered in iridescent
                  | scales. (AC +2) [potion of mutation]
  5336 | D:8      | Lost mutation: You are partially covered in iridescent
                  | scales. (AC +2) [potion of mutation]
  5336 | D:8      | Gained mutation: You are occasionally teleported next to
                  | monsters. [potion of mutation]
  5336 | D:8      | Gained mutation: You are agile. (Dex +4, Str/Int -1)
                  | [potion of mutation]
  5336 | D:8      | Gained mutation: Armour fits poorly on your strangely
                  | shaped body. [potion of mutation]
  5336 | D:8      | Gained mutation: You are partially covered in iridescent
                  | scales. (AC +2) [potion of mutation]
  5337 | D:8      | Lost mutation: You are partially covered in iridescent
                  | scales. (AC +2) [potion of mutation]
  5337 | D:8      | Lost mutation: You are agile. (Dex +4, Str/Int -1) [potion
                  | of mutation]
  5337 | D:8      | Gained mutation: You are strong-willed. (Will+) [potion of
                  | mutation]
  5337 | D:8      | Gained mutation: You are agile. (Dex +4, Str/Int -1)
                  | [potion of mutation]
  5338 | D:8      | Lost mutation: You are occasionally teleported next to
                  | monsters. [potion of mutation]
  5338 | D:8      | Lost mutation: You are agile. (Dex +4, Str/Int -1) [potion
                  | of mutation]
  5338 | D:8      | Gained mutation: Your health recovers twice as slowly from
                  | being drained. [potion of mutation]
  5338 | D:8      | Gained mutation: You are occasionally teleported next to
                  | monsters. [potion of mutation]
  5338 | D:8      | Gained mutation: You are clumsy. (Dex -2) [potion of
                  | mutation]
  5338 | D:8      | Gained mutation: Your mind is acute. (Int +4, Str/Dex -1)
                  | [potion of mutation]
  5375 | D:8      | Bought a potion of mutation for 104 gold pieces
  5375 | D:8      | Lost mutation: Your mind is acute. (Int +4, Str/Dex -1)
                  | [potion of mutation]
  5375 | D:8      | Lost mutation: You are strong-willed. (Will+) [potion of
                  | mutation]
  5375 | D:8      | Gained mutation: Your spells are a little harder to cast,
                  | but a little more powerful. [potion of mutation]
  5375 | D:8      | Lost mutation: You are clumsy. (Dex -2) [potion of
                  | mutation]
  5375 | D:8      | Gained mutation: You are partially covered in large bone
                  | plates. (SH +4) [potion of mutation]
  5651 | D:9      | Reached skill level 11 in Shapeshifting
  5991 | D:9      | HP: 2/99 [wight/+2 mace (11)]
  6028 | D:9      | Found Zuschit's Antique Armour Emporium.
  6104 | D:9      | Found an ancient bone altar of Kikubaaqudgha.
  6197 | D:9      | Found a burning altar of Makhleb.
  6197 | D:9      | Found a white marble altar of Elyvilon.
  6464 | D:10     | Entered Level 10 of the Dungeon
  6577 | D:10     | Noticed Psyche
  6585 | D:10     | Killed Psyche
  6629 | D:10     | Noticed a death yak
  6633 | D:10     | Noticed a death yak
  6633 | D:10     | Noticed a death yak
  6635 | D:10     | Killed a death yak
  6641 | D:10     | Found a staircase to the Lair.
  6647 | D:10     | Slain by a death yak

Illustrated notes

Levels and vault maps discovered:
D:1:      dpeg_arrival_simpleton_b, layout_basic, serial_shops, shop
D:2:      layout_rooms, basic_altar, nicolae_ecumenical_lake_church,
          guppyfry_early_lair_pool, uniq_sigmund, uniq_natasha
D:3:      layout_loops_ring
D:4:      layout_basic, minmay_temple_entry_slanted, uniq_grinder, uniq_duvessa
D:5:      layout_loops_ring
D:6:      layout_rooms, serial_shops, shop, shop,
          nicolae_shop_tiny_statue_garden, uniq_maggie
D:7:      gammafunk_wand_slinger, layout_basic, minmay_shop_damaged,
          uniq_crazy_yiuf_cottage, uniq_pikel
D:8:      layout_cave_pools, gammafunk_ghost_arena, serial_shops,
          nicolae_shop_crystal
D:9:      layout_cave_pods, gammafunk_temple_overflow_elements,
          nicolae_kikubaaqudgha_miasma_corner, serial_column_ruins,
          column_ruins_columns_straight, column_ruins_corridor_water,
          column_ruins_open_medium, column_ruins_corridor_straight,
          column_ruins_open_small, serial_shops, nicolae_shop_behind_doors,
          david_defended_altar_orc
D:10:     layout_roguey, dpeg_lair_monsters, solitary_fountain, uniq_psyche
Temple:   hellmonk_temple_divided_pantheon

Skill      XL: |  1  2  3  4  5  6  7  8  9 10 |
---------------+-------------------------------+-----
Fighting       | 1 2 3 4 6 7 |  7.5
Unarmed Combat | 4 5 6 7 |  7.6
Shapeshifting  | 4 5 6 7 10 11 | 11.9
Dodging        | |  1.5

Action                     |  1- 3 |  4- 6 |  7- 9 | 10-12 || total
---------------------------+-------+-------+-------+-------++-------
  Melee: Unarmed           |    57 |    91 |   224 |   140 ||   512
         Punch             |     2 |       |     6 |     6 ||    14
    Use: Scroll            |       |       |    11 |     2 ||    13
         Potion            |       |       |       |    11 ||    11
   Stab: Sleeping          |       |     1 |       |       ||     1
 Armour: Animal skin       |    30 |    50 |    45 |       ||   125
         Swamp dragon scal |       |       |    94 |   129 ||   223
         Skin              |       |       |    12 |       ||    12
  Dodge: Dodged            |    35 |    27 |    84 |    31 ||   177
  Block: Other             |       |    10 |    79 |    74 ||   163
         Reflection        |       |       |     4 |     1 ||     5
